 Dungeon Crawl Stone Soup version 0.21.0-25-ge575cb9 (webtiles) character file.

91 Goblin1989 the Chopper (level 4, -2/35 HPs)
             Began as a Demonspawn Monk on Jan 24, 2018.
             Was a Believer of Okawaru.
             Slain by a worker ant (5 damage)
             ... on level 4 of the Dungeon.
             The game lasted 00:10:04 (3111 turns).

Goblin1989 the Chopper (Demonspawn Monk)            Turns: 3111, Time: 00:10:05

Health: -2/35      AC:  5    Str: 13    XL:     4   Next: 34%
Magic:  2/4        EV: 17    Int: 11    God:    Okawaru [**....]
Gold:   87         SH:  0    Dex: 15    Spells: 3/3 levels left

rFire    . . .     SeeInvis .   a - +0 hand axe
rCold    + . .     Gourm    .   (no shield)
rNeg     . . .     Faith    .   b - +0 robe
rPois    .         Spirit   .   (helmet restricted)
rElec    .         Reflect  .   (no cloak)
rCorr    .         Harm     .   (no gloves)
MR       .....                  (no boots)
Stlth    +++.......             (no amulet)
HPRegen  0.11/turn              k - +3 ring of protection
MPRegen  0.09/turn              c - ring of protection from cold

@: heroism
A: antennae 1, demonic guardian 1
a: Heroism, Renounce Religion


You were on level 4 of the Dungeon.
You worshipped Okawaru.
Okawaru was pleased with you.
You were hungry.

You visited 1 branch of the dungeon, and saw 4 of its levels.

You collected 87 gold pieces.

Inventory:

Hand Weapons
 a - a +0 hand axe (weapon)
Armour
 b - a +0 robe (worn)
Jewellery
 c - a ring of protection from cold (right hand)
 k - a +3 ring of protection (left hand)
Wands
 o - a wand of polymorph (16)
Scrolls
 R - a scroll of identify {@r1}
Potions
 l - a potion of magic
Comestibles
 e - 4 rations


   Skills:
 - Level 3.0(8.0) Fighting
 + Level 4.7(9.7) Axes
 - Level 2.6(7.6) Dodging
 - Level 1.7(6.7) Stealth


You had 3 spell levels left.
You didn't know any spells.

Dungeon Overview and Level Annotations

Branches:
Dungeon (4/15)
 Temple: D:4-7

Altars:
Okawaru
Ru

Shops:
D:4 [

Portals:
Sewer: D:4

Annotations:
D:2 exclusion: Natasha, Natasha
D:3 exclusion: 2 killer bees


Innate Abilities, Weirdness & Mutations

You have a pair of small antennae on your head.
A weak demonic guardian rushes to your aid.


Message History

Okay, then.
As you read the scroll labeled DEQALITTE HYUN, it crumbles to dust.
You feel strangely unstable.
It was a scroll of teleportation.
Unknown command.
As you read the scroll labeled GEPSYCUJEL, it crumbles to dust.
It is a scroll of amnesia.
You feel forgetful for a moment.
As you read the scroll labeled EXKOFR ISOEZI, it crumbles to dust.
It is a scroll of identify.
l - a potion of magic;
R - 2 scrolls of identify
As you read the scroll of identify {@r1}, it crumbles to dust.
h - a potion of haste Your surroundings suddenly seem different.
Unknown command.
A quokka comes into view.
The quokka closely misses you.
You hit the quokka.
You kill the quokka!
Found a stone staircase leading down.
Found a glowing drain.
You open the door.
A ball python, a rat, 2 river rats and a worm come into view.
Unknown command.
What are your orders? t - Shout!
Orders for allies: a - Attack new target. r - Retreat! s - Stop attacking. g - Guard the area. f - Follow me.
Anything else - Cancel.
You shout for attention!
You hear an angry hiss.
Unknown command.
Okay, then.
Unknown command.
You feel yourself speed up.
A leopard gecko comes into view.
Unknown command.
You hit the worm.
The worm is lightly wounded.
You barely miss the worm.
The worm is lightly wounded.
The worm barely misses you.
You barely miss the worm.
The worm is lightly wounded.
You barely miss the worm.
The worm is lightly wounded.
You hit the worm but do no damage.
The worm is lightly wounded.
The worm bites you.
* * * LOW HITPOINT WARNING * * *
You take 6 damage, and have 7/35 hp.
You hit the worm.
The worm is lightly wounded.
You hear the slow rusting of a drain.
A worker ant comes into view.
The worker ant twitches its antennae in your direction.
Unknown command.
You closely miss the rat. The rat barely misses you.
Unknown command.
You completely miss the rat. You hit the river rat but do no damage.
Your extra speed is starting to run out.
The worker ant waves its antennae.
The river rat bites you.
* * * LOW HITPOINT WARNING * * *
The rat bites you but does no damage.
You take 6 damage, and have 3/35 hp.
You closely miss the rat. You barely miss the river rat.
Unknown command.
The rat misses you.
Found an iron altar of Okawaru.
The rat bites you.
* * * LOW HITPOINT WARNING * * *
You take 2 damage, and have 1/35 hp.
The rat bites your white imp.
Your white imp misses the rat.
You see here a falchion.
You feel yourself slow down.
There is an iron altar of Okawaru here.
You kneel at the altar of Okawaru.
Okawaru welcomes you!
You can now gain great but temporary skills.
Something bites your white imp.
Unknown command.
Press < or > to pray at altars.
You see here a spear.
Unknown command.
Something barely misses your white imp.
The worker ant waves its antennae.
Your white imp hits the rat.
The rat dies!
Okawaru accepts your kill.
You gain the combat prowess of a mighty hero.
The worker ant barely misses your shadow imp.
You now have 2/4 mp.
Unknown command.
You swap places.
The worker ant barely misses you. x2
You hit the worker ant but do no damage.
You punch the worker ant, but do no damage.
The worker ant misses you.
You hit the worker ant but do no damage.
You barely miss the worker ant. The worker ant bites you.
You die...

.██.............
....█.)†).█...█
██.██.5r..██..█
█..█.)r).█...█
█....?........
█.a..███......
█.█...█...██.█
█.█████████r.......██
█
█.....5@aSl.█....███


██████████████████ You could see a worker ant, a river rat, a leopard gecko, a
ball python and a friendly shadow imp.

Vanquished Creatures
  2 adders (D:3)
  A worm (D:2)
  An orc (D:3)
  5 giant cockroaches
  4 goblins
  3 hobgoblins
  2 jackals (D:2)
  3 kobolds
  2 quokkas
  4 bats
  A frilled lizard (D:1)
  A rat (D:3)
29 creatures vanquished.

Vanquished Creatures (collateral kills)
  A scorpion (D:4)
  A rat (D:4)
2 creatures vanquished.

Grand Total: 31 creatures vanquished

Notes
Turn   | Place    | Note
-------+----------+-------------------------------------------
     0 | D:1      | Goblin1989 the Demonspawn Monk began the quest for the Orb.
     0 | D:1      | Reached XP level 1. HP: 18/18 MP: 1/1
   233 | D:1      | Reached skill level 3 in Axes
   646 | D:1      | Gained mutation: A weak demonic guardian rushes to your aid. [demonic ancestry]
   646 | D:1      | Reached XP level 2. HP: 24/24 MP: 2/2
  1760 | D:2      | Noticed Natasha
  1845 | D:2      | HP: 1/24 [gnoll (9)]
  1852 | D:2      | You fall through a shaft!
  2155 | D:3      | Found a sacrificial altar of Ru.
  2295 | D:3      | Reached XP level 3. HP: 29/29 MP: 3/3
  2431 | D:3      | Reached skill level 4 in Axes
  2737 | D:3      | Noticed a killer bee
  2737 | D:3      | Noticed a killer bee
  2928 | D:4      | Found Toosuser's Armour Shoppe.
  2942 | D:4      | Noticed a scorpion
  2954 | D:4      | Killed a scorpion
  2954 | D:4      | Gained mutation: You have a pair of small antennae on your head. [demonic ancestry]
  2954 | D:4      | Reached XP level 4. HP: 11/35 MP: 4/4
  3044 | D:4      | Found a glowing drain.
  3089 | D:4      | Found an iron altar of Okawaru.
  3090 | D:4      | HP: 1/35 [rat (2)]
  3095 | D:4      | Became a worshipper of Warmaster Okawaru
  3095 | D:4      | Reached * piety under Okawaru
  3095 | D:4      | Reached ** piety under Okawaru
  3111 | D:4      | Slain by a worker ant

Skill      XL: |  1  2  3 |
---------------+----------+-----
Axes           | 3 4 |  4.7
Fighting       | |  3.0
Dodging        | |  2.6
Stealth        | |  1.7

Action                   |  1- 3 |  4- 6 || total
-------------------------+-------+-------++-------
Melee: Hand axe          |   126 |    13 ||   139
       Punch             |       |     1 ||     1
Invok: Heroism           |       |     1 ||     1
  Use: Potion            |     1 |     1 ||     2
       Scroll            |       |     4 ||     4
 Stab: Sleeping          |     6 |       ||     6
  Eat: Chunk             |     6 |       ||     6
Armor: Robe              |    31 |     1 ||    32
       Skin              |     2 |       ||     2
Dodge: Dodged            |    86 |     7 ||    93

Vault maps used:
D:1:      ncdulo_halloftheorcs
D:2:      wad_pebble_path, grunt_decor_mini_mirrors, minivault_23, uniq_robin,
          uniq_natasha
D:3:      nicolae_ru_awakened_eye
D:4:      nicolae_qazlal_general_emergency, grunt_gozag_breadcrumbs,
          portal_sewer_entry_c, serial_shops, shop, okawaru_ov_weapons_minmay
